 Dungeon Crawl Stone Soup version 0.30-b1-2-g02819fbbbe (webtiles) character file.

Game seed: 7945639212189710276

83490 Flugkiller the Fighter (level 15, -2/75 (144) HPs)
             Began as a Naga Reaver on May 18, 2023.
             Was the Champion of Ru.
             Killed from afar by a hell hound (12 damage)
             ... with a blast of flame
             ... led by Azrael
             ... on level 14 of the Dungeon.
             The game lasted 00:44:41 (27297 turns).

Flugkiller the Fighter (Naga Reaver)               Turns: 27297, Time: 00:44:42

HP:   -2/75 (144)   AC: 35    Str: 16    XL:     15   Next: 77%
MP:   18/22         EV:  5    Int: 23    God:    Ru [******]
Gold: 1338          SH:  6    Dex:  7    Spells: 17/28 levels left

rFire   . . .        n - +2 trident (freeze)
rCold   . . .        Q - +2 buckler {AC+3}
rNeg    . . .        r - +3 chain mail
rPois   +            N - +2 helmet {Int+3}
rElec   .            o - +0 cloak
rCorr   .            D - +2 pair of gloves
SInv    +            (no barding)
Will    +....        (no amulet) Stlth
                     G - +4 ring of protection
HPRegen 0.32/turn    p - +4 ring of protection
MPRegen 0.18/turn

%: no passive effects
@: exhausted, about to teleport, very heavily drained, very slow
A: AC +5, large, see invisible, clumsy 1, deformed body, low MP 1, poison
resistance, slowness 2, spit poison 1, inability to use devices, hated by all,
inability to train dodging, unskilled 1, naga tail 2
a: Spit Poison, Renounce Religion, Draw Out Power, Power Leap, Apocalypse


You were on level 14 of the Dungeon.
You worshipped Ru.
Ru was exalted by your worship.
You visited 2 branches of the dungeon, and saw 19 of its levels.
You also visited: Ice Cave.

You collected 1443 gold pieces.
You spent 105 gold pieces at shops.

Inventory:

Hand Weapons
 a - a +0 trident of venom
   (You took it off a gnoll sergeant on level 11 of the Dungeon)
 n - a +2 trident of freezing (weapon)
   (You took it off Terence on level 2 of the Dungeon)
 J - a +5 war axe
   (You took it off a wight on level 8 of the Dungeon)
 P - a +3 bardiche
   (You took it off a tengu warrior on level 13 of the Dungeon)
Missiles
 h - 16 boomerangs
 C - 5 curare-tipped darts
 H - 6 javelins
Armour
 f - a +1 ring mail of cold resistance
   (You took it off an orc priest on level 8 of the Dungeon)
 g - a scarf of shadows
   (You found it on level 6 of the Dungeon)
 o - a +0 cloak (worn)
   (You took it off Maurice on level 9 of the Dungeon)
 r - a +3 chain mail (worn)
   (You took it off Frances on level 13 of the Dungeon)
 D - a +2 pair of gloves (worn)
   (You found it on level 10 of the Dungeon)
 I - a +1 scale mail of fire resistance
   (You took it off Urug on level 11 of the Dungeon)
 N - a +2 helmet of intelligence (worn)
   (You found it on level 4 of the Lair of Beasts)
 Q - a +2 buckler of protection (worn)
   (You found it on level 13 of the Dungeon)
Jewellery
 i - a ring of ice
   (You found it on level 7 of the Dungeon)
 p - a +4 ring of protection (right hand)
   (You found it on level 6 of the Dungeon)
 u - a ring of wizardry
   (You found it on level 4 of the Dungeon)
 B - a ring of wizardry
   (You found it on level 9 of the Dungeon)
 G - a +4 ring of protection (left hand)
   (You found it on level 11 of the Dungeon)
Scrolls
 b - 2 scrolls of immolation
 c - 2 scrolls of enchant weapon
 l - 4 scrolls of vulnerability
 s - a scroll of silence
 t - 3 scrolls of teleportation
 y - a scroll of blinking {unknown}
 z - 4 scrolls of magic mapping
 A - a scroll of poison {unknown}
 K - 2 scrolls of enchant armour
 M - a scroll of fog {unknown}
Potions
 d - 2 potions of might
 e - 3 potions of attraction
 j - a potion of brilliance {unknown}
 k - 2 potions of mutation {unknown}
 m - 5 potions of magic
 q - 4 potions of curing
 v - 2 potions of flight
 x - 2 potions of berserk rage {unknown}
 E - 2 potions of haste {unknown}
 L - a potion of invisibility {unknown}


   Skills:
 - Level 12.0 Fighting
 - Level 12.0 Polearms
 - Level 11.0 Armour
 - Level 4.5 Stealth
 + Level 3.6 Shields
 - Level 7.0 Spellcasting
 - Level 7.0 Conjurations
 - Level 4.0 Translocations
 - Level 5.0 Ice Magic
 - Level 10.0 Poison Magic


You had 17 spell levels left.
You knew the following spells:

 Your Spells              Type           Power      Damage    Failure   Level
a - Hailstorm             Conj/Ice       35%        3d9       19%         3
b - Momentum Strike       Conj/Tloc      66%        3d9       12%         2
c - Olgreb's Toxic Radia  Pois           52%        N/A       12%         4
r - Blink                 Tloc           52%        N/A       22%         2

Your spell library contained the following spells:

 Spells                   Type           Power      Damage    Failure   Level
 Sting                    Tmut/Pois      100%       1d8       10%         1
 Apportation              Tloc           52%        N/A       14%         1
 Poisonous Vapours        Pois/Air       62%        N/A       14%         2
 Kiss of Death            Conj/Necr      96%        2d12      17%         1
 Shock                    Conj/Air       96%        1d9       17%         1
 Spider Form              Tmut/Pois      31%        N/A       28%         3
 Ensorcelled Hibernation  Hex/Ice        38%        N/A       36%         2
 Scorch                   Fire           16%        2d5       73%         2
 Manifold Assault         Tloc           26%        N/A       80%         4
 Flame Wave               Conj/Fire      24%        2d8       86%         4
 Swiftness                Air            8%         N/A       91%         3
 Alistair's Intoxication  Tmut/Pois      20%        N/A       95%         5
 Airstrike                Air            4%         2d(1-17)  100%        4
 Anguish                  Hex/Necr       4%         N/A       100%        4
 Leda's Liquefaction      Hex/Erth       4%         N/A       100%        4
 Lee's Rapid Deconstruct  Erth           4%         3d5*      100%        5
 Statue Form              Tmut/Erth      5%         N/A       100%        6
 Storm Form               Tmut/Air       4%         N/A       100%        7
 Discord                  Hex            4%         N/A       100%        8
 Ignition                 Fire           4%         3d4       100%        8
 Summon Cactus Giant      Summ           Unusable   N/A       N/A         6

Dungeon Overview and Level Annotations

Branches:
Dungeon (14/15) Zot: 26348  Temple (0/1) D:4            Lair (5/5) D:8 Zot: 19671
  Swamp (0/4) Lair:2        Snake (0/4) Lair:2        Slime (0/5) Lair:5
    Orc (0/2) D:10         Vaults (0/5) D:13          IceCv (visited)

Altars:
Cheibriados
Dithmenos
Gozag
Makhleb
Nemelex Xobeh
Qazlal
Ru
Sif Muna
Wu Jian
Xom
The Shining One

Shops:
D:9 !   D:12 *

Annotations:
D:4 2 transporters, Raspi's ghost, novice KoFi
D:10 4 transporters
Lair:3 1 runed translucent door, exclusion: hydra, Angani's ghost, journeyman DsMo
Lair:5 1 runed translucent door


Innate Abilities, Weirdness & Mutations

Your serpentine skin is tough. (AC +5)
You have supernaturally acute eyesight. (SInv)
You are clumsy. (Dex -2)
Armour fits poorly on your strangely shaped body.
Your magical capacity is low. (-10% MP)
Your system is resistant to poisons. (rPois)
You cover ground very slowly.
You can spit poison.
You cannot study or use magical devices.
You are hated by all.
You cannot train Dodging skill.
You are somewhat unskilled. (-1 Apt)
You can use your snake-like lower body to constrict enemies.


Message History

The fire elemental is stunned by your conviction and fails to attack.
The fire elemental barely misses you.
You barely miss the fire elemental.
The fire elemental is lightly damaged.
You constrict the hell hound, but do no damage.
You block the hell hound's attack.
The fire elemental completely misses you.
The hell hound breathes flames at you. The blast of flame hits you!!
The fire elemental hits you.
You hit the hell hound. You freeze the hell hound.
You kill the hell hound!
The fire elemental hits you. The fire elemental burns you!
* * * LOW HITPOINT WARNING * * *
You closely miss the fire elemental.
The fire elemental is lightly damaged.
The fire elemental hits you. The fire elemental burns you!
* * * LOW HITPOINT WARNING * * *
You feel much better. The fire elemental hits you.
The fire elemental burns you!
You block the fire elemental's attack. x2
The fire elemental hits you. The fire elemental burns you!
* * * LOW HITPOINT WARNING * * *
The fire elemental is stunned by your conviction and fails to attack.
You feel better. The fire elemental hits you. The fire elemental burns you!
* * * LOW HITPOINT WARNING * * *
The fire elemental hits you. The fire elemental burns you!
* * * LOW HITPOINT WARNING * * *
The fire elemental hits you. The fire elemental burns you!
* * * LOW HITPOINT WARNING * * *
The hell hound breathes flames at you.
The blast of flame hits the fire elemental.
The fire elemental completely resists.
The blast of flame hits you!
* * * LOW HITPOINT WARNING * * *
Okay, then.
Unknown command.
Okay, then.
Okay, then.
Okay, then.
You cannot evoke magical items.
Unknown command.
You feel better.
You feel less exhausted. The fire elemental closely misses you.
The fire elemental is stunned by your conviction and fails to attack.
You block the fire elemental's attack.
You reveal the great annihilating truth to your foes!
You destroy the fire elemental! x4
You feel drained.
You hear a shout!
You hear a roar!
You hear a horrible gurgling sound! x2
You hear a shout! x6
You redirect the hell hound's attack!
You block the hell hound's attack.
You cannot evoke magical items.
Unknown command.
You cannot evoke magical items.
Unknown command.
Okay, then.
As you read the scroll of fear, it crumbles to dust.
You assume a fearsome visage.
The hell hound looks frightened!
The hell hound begins to attack, but is stunned by your conviction!
Unknown command.
Things that are here:
a +1 scimitar of flaming; a scroll labelled NOHUTE FEIWURO; 5 gold pieces The hell hound begins to attack, but is stunned by your conviction!
A tengu conjurer comes into view.
The hell hound begins to attack, but is stunned by your conviction!
The tengu conjurer gestures at you while chanting.
The bolt of lightning misses you.
The hell hound begins to attack, but is stunned by your conviction!
You closely miss the hell hound. Your grab misses the hell hound.
The hell hound begins to attack, but is stunned by your conviction!
You hit the hell hound but do no damage.
Your grab misses the hell hound. The hell hound bites you.
* * * LOW HITPOINT WARNING * * *
A tengu warrior comes into view. It is wielding a +0 battleaxe.
The tengu warrior shouts!
You puncture the hell hound! You freeze the hell hound.
Your grab misses the hell hound.
The hell hound is moderately wounded.
The hell hound bites you but does no damage.
The tengu conjurer begins to cast a spell, but is stunned by your conviction!
You hit the hell hound but do no damage.
Your grab misses the hell hound.
The hell hound is moderately wounded.
You block the hell hound's attack. The hell hound bites you.
* * * LOW HITPOINT WARNING * * *
You completely miss the hell hound. Your grab misses the hell hound.
The hell hound is moderately wounded.
The hell hound bites you but does no damage.
As you read the scroll of teleportation, it crumbles to dust.
You feel strangely unstable. The hell hound barely misses you.
You hit the hell hound but do no damage.
You grab the hell hound.
The hell hound is moderately wounded.
You constrict the hell hound. You block the hell hound's attack.
You hit the hell hound. You freeze the hell hound.
The hell hound is severely wounded.
You constrict the hell hound. The hell hound breathes flames at you.
The blast of flame hits you!
You die...

#... ..# ######....
#..○##.###.........
##..##...Q.....#
#...#...###.##
.#...#.h....##
##.#.#)#####...#
#..#°#.# #Q.###
#####.##.†.####h##
.......÷......Q.@#
......##[#..#....#
###.####.##.......
##.# #......##..#
#..# ####...##.##
#.## #...##.# #.#
####......# ##.#
#..<....### ...#
##.....#.#


You could see a tengu warrior, a tengu conjurer and a hell hound (catching
breath).

Vanquished Creatures
  Frances (D:13)
  Gastronok (Lair:1)
  Azrael (D:14)
  A fire dragon (Lair:5)
  Josephine (D:10)
  A yaktaur captain (D:13)
  4 hydras
  Erica (D:9)
  6 boulder beetles
  4 two-headed ogres
  3 tengu warriors (D:13)
  13 death yaks
  Urug (D:11)
  Sonja (D:10)
  A fire crab (Lair:5)
  Nergalle (Lair:2)
  Amaemon (Lair:2)
  A skyshark (Lair:4)
  A wizard (D:13)
  2 spriggan simulacra
  An orc knight (D:14)
  2 lindwurms (Lair:4)
  2 deep elf pyromancers
  A wolf spider (Lair:2)
  12 ugly things
  A cyclops (D:14)
  A manticore (D:12)
  14 elephants
  Maurice (D:9)
  6 black mambas
  Joseph (D:7)
  3 molten gargoyles (Lair:5)
  11 cane toads
  An orange demon (Lair:2)
  5 rime drakes
  An unseen horror (D:11)
  Psyche (D:9)
  2 yaktaurs (D:13)
  7 komodo dragons
  2 tengu conjurers (D:13)
  A troll (D:12)
  2 polar bears
  3 meliai (D:13)
  Grinder (D:3)
  19 blink frogs
  Sigmund (D:2)
  55 yaks
  2 shadows
  A vampire (D:8)
  3 wyverns
  4 fire elementals (D:14)
  8 basilisks
  9 wraiths
  4 vampire mosquitoes (D:11)
  4 minotaur simulacra
  3 steam dragons
  5 nagas (Lair:2)
  13 water moccasins
  5 hell hounds
  An acid dragon (D:13)
  5 orc warriors
  2 sky beasts
  An ogre (D:6)
  A black bear (D:8)
  3 ice beasts
  38 wolves
  13 centaurs
  A phantom (D:5)
  4 kobold brigands
  An earth elemental (D:12)
  3 gnoll sergeants
  10 bullfrogs
  3 deep troll simulacra (D:14)
  17 wights
  A lindwurm simulacrum (D:14)
  15 killer bees
  4 howler monkeys
  2 electric eels (Lair:2)
  A crimson imp (D:9)
  5 lava snakes (Lair:5)
  A quasit (D:7)
  A gnoll bouda (D:6)
  4 jellies
  4 iguanas
  10 orc priests
  11 hounds
  2 sleepcaps
  Terence (D:2)
  14 orc wizards
  17 gnolls
  7 adders
  A shadow imp (D:7)
  4 white imps
  2 ufetubi (D:7)
  3 worms
  A dart slug (D:11)
  45 orcs
  7 ball pythons
  5 endoplasms
  3 giant cockroaches
  10 goblins
  8 hobgoblins
  2 jackals (D:1)
  24 kobolds
  2 quokkas (D:1)
  4 bats
  5 frilled lizards
  7 rats
600 creatures vanquished.

Vanquished Creatures (others)
  A hydra (Lair:4)
  A death yak (Lair:5)
  A tengu warrior (D:13)
  A deep elf pyromancer (D:14)
  An ugly thing (D:14)
  A black mamba (Lair:4)
  2 cane toads
  A troll (D:14)
  A blink frog (Lair:5)
  A wraith (D:11)
  A wyvern (Lair:5)
  A basilisk (Lair:5)
  A hell hound (Lair:5)
  An ogre (D:6)
  An orc (D:10)
  A kobold (D:11)
  A bush (Lair:5)
  60 fungi
  50 plants
  2 withered plants (Lair:3)
130 creatures vanquished.

Grand Total: 730 creatures vanquished

Notes
Turn   | Place    | Note
-------+----------+-------------------------------------------
     0 | D:1      | Flugkiller the Naga Reaver began the quest for the Orb.
     0 | D:1      | Reached XP level 1. HP: 19/19 MP: 3/3
   198 | D:1      | Reached XP level 2. HP: 18/27 MP: 5/5
   240 | D:1      | Learned a level 2 spell: Momentum Strike
  1121 | D:2      | Noticed Sigmund
  1301 | D:2      | Reached XP level 3. HP: 28/33 MP: 6/6
  1538 | D:2      | Reached skill level 1 in Translocations
  1573 | D:2      | Noticed Terence
  1579 | D:2      | Killed Terence
  1580 | D:2      | Reached XP level 4. HP: 29/42 MP: 4/7
  1754 | D:2      | Killed Sigmund
  1755 | D:2      | Reached XP level 5. HP: 26/49 MP: 1/9
  1986 | D:2      | Reached skill level 1 in Evocations
  1986 | D:2      | Reached XP level 6. HP: 56/56 MP: 10/10
  2314 | D:3      | Noticed Grinder
  2329 | D:3      | Killed Grinder
  2330 | D:3      | Reached skill level 5 in Conjurations
  2330 | D:3      | Reached XP level 7. HP: 27/62 MP: 9/11
  2533 | D:3      | Found a basalt altar of Yredelemnul.
  2563 | D:3      | Found a faded altar of an unknown god.
  2567 | D:3      | Prayed at the altar of an unknown god.
  2567 | D:3      | Became a worshipper of Ru the Awakened
  2570 | D:3      | Gained mutation: You cannot study or use magical devices.
                  | [Ru sacrifice]
  2570 | D:3      | Reached * piety under Ru
  2570 | D:3      | Reached ** piety under Ru
  2837 | D:3      | Found a sparkling altar of Nemelex Xobeh.
  3137 | D:4      | Found a transporter.
  3264 | D:4      | Noticed Raspi's ghost (novice KoFi)
  3424 | D:4      | Found a staircase to the Ecumenical Temple.
  3663 | D:4      | Found a transporter.
  3972 | D:5      | Entered Level 5 of the Dungeon
  4080 | D:5      | Reached skill level 5 in Fighting
  4155 | D:5      | Reached skill level 5 in Polearms
  4188 | D:5      | Reached XP level 8. HP: 21/74 MP: 8/12
  4388 | D:5      | Found a stormy altar of Qazlal.
  4413 | D:5      | Learned a level 3 spell: Hailstorm
  4807 | D:5      | Found the +7 Throatcutter {drain, coup de grace}
  4821 | D:5      | Reached skill level 1 in Ice Magic
  4821 | D:5      | Gained mutation: You cannot train Dodging skill. [Ru
                  | sacrifice]
  4821 | D:5      | Reached *** piety under Ru
  5351 | D:6      | Found a hazy altar of Hepliaklqana.
  5606 | D:6      | Found a glowing golden altar of the Shining One.
  5637 | D:6      | Reached skill level 5 in Spellcasting
  5637 | D:6      | Reached XP level 9. HP: 71/82 MP: 12/16
  6256 | D:7      | Reached skill level 5 in Stealth
  6393 | D:7      | Found an opulent altar of Gozag.
  6489 | D:7      | Noticed Joseph
  6509 | D:7      | Killed Joseph
  6524 | D:7      | Gained mutation: You are clumsy. (Dex -2) [Ru sacrifice]
  6524 | D:7      | HP: 4/83 [gnoll/+0 club[a gnoll sergeant] (3)]
  6805 | D:7      | Found a shadowy altar of Dithmenos.
  6972 | D:7      | Found an ornate altar of the Wu Jian Council.
  8150 | D:8      | Reached XP level 10. HP: 88/98 MP: 17/17
  8697 | D:8      | Gained mutation: You are hated by all. [Ru sacrifice]
  8697 | D:8      | Reached **** piety under Ru
  8905 | D:8      | Reached skill level 5 in Ice Magic
  9046 | D:8      | Found a staircase to the Lair.
  9629 | D:8      | Reached skill level 10 in Fighting
 10621 | D:9      | Noticed Erica
 10640 | D:9      | Noticed Psyche
 10694 | D:9      | Noticed Maurice
 10710 | D:9      | Killed Maurice
 11092 | D:9      | Found Ceirren's Distillery.
 11122 | D:9      | Bought a potion of might for 60 gold pieces
 11190 | D:9      | Reached XP level 11. HP: 70/99 MP: 5/18
 11652 | D:9      | Reached skill level 1 in Armour
 11817 | D:9      | Gained mutation: You are somewhat unskilled. (-1 Apt) [Ru
                  | sacrifice]
 11817 | D:9      | Reduced skill Translocations to level 1
 11817 | D:9      | Reached ***** piety under Ru
 11867 | D:9      | Found a burning altar of Makhleb.
 11867 | D:9      | Found a shimmering altar of Xom.
 12164 | D:10     | Entered Level 10 of the Dungeon
 12522 | D:10     | Noticed a two-headed ogre
 12532 | D:10     | Killed a two-headed ogre
 12693 | D:9      | Killed Erica
 12784 | D:9      | Killed Psyche
 12857 | D:9      | Bought a potion of lignification for 45 gold pieces
 12997 | D:10     | Noticed Sonja
 13020 | D:10     | Killed Sonja
 13023 | D:10     | Reached skill level 10 in Polearms
 13141 | D:10     | Found a transporter.
 13227 | D:10     | Found a transporter.
 13432 | D:10     | Found a shimmering blue altar of Sif Muna.
 13494 | D:10     | Found a transporter.
 13514 | D:10     | Found a transporter.
 13562 | D:10     | Found a staircase to the Orcish Mines.
 13639 | D:11     | Gained mutation: Your magical capacity is low. (-10% MP)
                  | [Ru sacrifice]
 13639 | D:11     | Reached ****** piety under Ru
 13665 | D:11     | Noticed Urug
 13670 | D:11     | Noticed Josephine
 14057 | D:11     | Noticed a boulder beetle
 14096 | D:11     | Killed a boulder beetle
 14097 | D:11     | Reached skill level 5 in Armour
 14097 | D:11     | Reached XP level 12. HP: 78/114 MP: 16/16
 14224 | D:11     | Killed Urug
 14343 | D:11     | Found a snail-covered altar of Cheibriados.
 14604 | D:10     | Killed Josephine
 14605 | D:10     | Reached skill level 5 in Ice Magic
 14648 | D:11     | Reached skill level 5 in Spellcasting
 14910 | D:11     | Noticed a two-headed ogre
 14915 | D:11     | Killed a two-headed ogre
 15147 | Lair:1   | Entered Level 1 of the Lair of Beasts
 15209 | Lair:1   | Identified the +7 sling of Timme {drain, Will+}
 15585 | Lair:1   | Noticed Gastronok
 15613 | Lair:1   | Reached skill level 10 in Fighting
 15650 | Lair:1   | Killed Gastronok
 15910 | Lair:1   | Identified the +0 tower shield of Discretion {SInv}
 16434 | Lair:2   | Noticed Amaemon
 16434 | Lair:2   | Noticed Nergalle
 16437 | Lair:2   | Killed Nergalle
 16507 | Lair:2   | Killed Amaemon
 16508 | Lair:2   | Gained mutation: You can use your snake-like lower body to
                  | constrict enemies. [Naga growth]
 16508 | Lair:2   | Reached XP level 13. HP: 62/122 MP: 3/18
 17077 | Lair:2   | Found a staircase to the Swamp.
 17601 | Lair:2   | Found a staircase to the Snake Pit.
 18303 | Lair:2   | Learned a level 4 spell: Olgreb's Toxic Radiance
 18334 | Lair:3   | Found a runed translucent door.
 18335 | Lair:3   | Noticed Angani's ghost (journeyman DsMo)
 18405 | Lair:3   | Reached skill level 1 in Poison Magic
 20220 | Lair:4   | Reached XP level 14. HP: 72/132 MP: 12/19
 20654 | Lair:4   | Reached skill level 5 in Poison Magic
 21083 | Lair:5   | Entered Level 5 of the Lair of Beasts
 21124 | Lair:5   | Reached skill level 10 in Armour
 21841 | Lair:5   | Found a runed translucent door.
 21846 | Lair:5   | Found a staircase to the Slime Pits.
 21846 | Lair:5   | Noticed an acid blob
 21846 | Lair:5   | Noticed an acid blob
 23235 | Lair:5   | Reached XP level 15. HP: 113/142 MP: 13/20
 23414 | Lair:5   | Found a large runed translucent door.
 23415 | Lair:5   | Found a large runed translucent door.
 24410 | D:12     | Found Pyuzanai's Pet Rocks.
 24774 | D:12     | Reached skill level 10 in Poison Magic
 24862 | D:12     | Learned a level 2 spell: Blink
 25359 | D:13     | Noticed Frances
 25370 | D:13     | Killed Frances
 26046 | D:13     | Found a gate to the Vaults.
 26260 | D:13     | Identified the +0 scale mail of the Depths {rF+ Will++
                  | SInv}
 26654 | D:14     | Found a frozen archway.
 26736 | D:14     | Reached skill level 1 in Shields
 27005 | IceCv    | Entered an ice cave
 27241 | D:14     | Noticed Azrael
 27262 | D:14     | Killed Azrael
 27273 | D:14     | HP: 3/92 [hell hound/blast of flame[Azrael] (10)]
 27297 | D:14     | Killed from afar by a hell hound

Illustrated notes

Levels and vault maps discovered:
D:1:      dpeg_arrival_round_c, layout_basic, kennysheep_doodads
D:2:      layout_loops_ring, chequers_serial_rivers_marsh, uniq_terence,
          uniq_sigmund
D:3:      minmay_skewed_foursquare, layout_basic,
          mainiacjoe_overflow_cross_hatched, nemelex_diamond_rough_becter,
          ebering_ecumenical_altar_petrified, uniq_grinder
D:4:      layout_basic, lemuel_temple_firewalk_b, gammafunk_ghost_arena,
          minmay_tree_intersection
D:5:      layout_rooms, kennysheep_little_box, small_statue_intersection
D:6:      layout_loops_corners, tso_altar, mainiacjoe_overflow_brackets
D:7:      layout_layer_cave, mainiacjoe_overflow_surrounded_room,
          grunt_gozag_statues, lemuel_crystal_altar, serial_demonic,
          serial_demonic_e, serial_demonic_f, serial_demonic_d,
          serial_demonic_c, uniq_joseph
D:8:      layout_gridville, david_lair_generic, grunt_potential
D:9:      layout_roguey, grunt_temple_overflow_champion_of_chaos, serial_shops,
          shop, uniq_psyche, uniq_erica, uniq_maurice
D:10:     layout_long_grid, nicolae_sif_muna_little_library, hiddenorc1_lemuel,
          nicolae_transporter_intersection, uniq_sonja
D:11:     layout_gridville, kennysheep_slug_shrine, uniq_josephine, uniq_urug
D:12:     layout_loops_ring, guppyfry_shop_earth
D:13:     layout_small_grid, david_vaults_2, uniq_frances
D:14:     layout_rooms, minmay_misc_feat_diagonals, serial_shops, shop,
          portal_ice_cave_entry_ice_simulacra, minivault_10, uniq_azrael
Lair:1:   layout_regular_city, st_stairs_12, uniq_gastronok
Lair:2:   layout_chaotic_city, swamp_mist_pool,
          minmay_snake_entry_guardpost_large, nicolae_lair_run_with_the_wolves,
          uniq_nergalle, uniq_amaemon
Lair:3:   layout_regular_city, gammafunk_ghost_grave, infiniplex_staircase_pool,
          lemuel_fruit_tree
Lair:4:   nzn_winding_woodlands_three_and_one
          [nzn_winding_woodlands_5x15_garden,
          nzn_winding_woodlands_5x15_concentric,
          nzn_winding_woodlands_5x15_parted,
          nzn_winding_woodlands_center_diamonds], layout_regular_city
Lair:5:   cheibrodos_lair_end_hotspot, layout_regular_city, slime_entry_2

Skill      XL: |  1  2  3  4  5  6  7  8  9 10 11 12 13 14 15 |
---------------+----------------------------------------------+-----
Fighting       | 3 5 6 8 10 9 10 11 12 | 12.0
Translocations | 1 2 1 4 |  4.0
Spellcasting   | 3 5 4 5 7 |  7.0
Conjurations   | 4 5 7 6 7 |  7.0
Polearms       | 4 5 6 8 10 11 12 | 12.0
Evocations     | 1 2 0 |  0.0
Ice Magic      | 3 4 5 4 5 |  5.0
Dodging        | 0 |  0.0
Stealth        | 5 4 |  4.5
Armour         | 5 8 9 10 11 | 11.0
Poison Magic   | 4 8 10 | 10.0
Shields        | 3 |  3.6

Action                     |  1- 3 |  4- 6 |  7- 9 | 10-12 | 13-15 || total
---------------------------+-------+-------+-------+-------+-------++-------
  Melee: Spear             |   132 |       |       |       |       ||   132
         Punch             |     1 |     1 |     5 |    12 |    25 ||    44
         Trident           |       |    49 |   382 |   844 |  1359 ||  2634
         Constrict         |       |       |       |       |   161 ||   161
   Cast: Momentum Strike   |     3 |     2 |    27 |    38 |     2 ||    72
         Hailstorm         |       |       |    16 |    81 |    22 ||   119
         Olgreb's Toxic Ra |       |       |       |       |    70 ||    70
 Invoke: Sacrifice Artific |       |       |     1 |       |       ||     1
         Sacrifice Nimblen |       |       |     1 |       |       ||     1
         Draw Out Power    |       |       |     2 |     2 |     7 ||    11
         Sacrifice Purity  |       |       |     1 |       |       ||     1
         Sacrifice Love    |       |       |       |     1 |       ||     1
         Apocalypse        |       |       |       |     4 |     7 ||    11
         Sacrifice Essence |       |       |       |     1 |       ||     1
         Sacrifice Skill   |       |       |       |     1 |       ||     1
         Power Leap        |       |       |       |     4 |     1 ||     5
Ability: Spit Poison       |     3 |     1 |     5 |     9 |       ||    18
  Evoke: Wand              |     5 |     1 |       |       |       ||     6
    Use: Scroll            |       |     2 |     7 |     9 |     9 ||    27
         Potion            |       |       |     4 |     4 |     7 ||    15
   Stab: Sleeping          |       |     1 |     3 |     1 |     1 ||     6
         Invisible         |       |       |     2 |    12 |     7 ||    21
         Paralysed         |       |       |       |     7 |    20 ||    27
         Distracted        |       |       |       |     4 |     3 ||     7
 Armour: Leather armour    |    20 |     6 |   116 |    75 |       ||   217
         Ring mail         |       |       |       |   271 |   571 ||   842
         Skin              |       |       |       |   110 |     6 ||   116
         Scale mail        |       |       |       |       |    55 ||    55
         Chain mail        |       |       |       |       |   124 ||   124
  Dodge: Dodged            |    45 |    14 |   155 |   252 |   343 ||   809
  Block: Buckler           |       |       |       |       |    21 ||    21
